Map: Backwater LE

Players

Dark - Winner!

  • Race: Zerg Zerg
  • Spawn Location: 11:00

Nice

  • Race: Protoss Protoss
  • Spawn Location: 5:00

Event: WESG 2017 Haikou

VOD

Have the link to the VOD?

Description

Time

  • Played on: March 13, 2018, 10:15 p.m.
  • Length: 8:43

All games in this series

Show
View Real Time Build Order
Export as new Build Order

Dark Zerg - Winner!

Build Orders: Hatch First 

Get SALT Encoding   

  12  0:00  Drone  
  13  0:12  Overlord  
  13  0:17  Drone  
  14  0:30  Drone  
  14  0:31  Drone  
  14  0:35  Drone  
  17  0:52  Hatchery  
  17  0:54  Drone  
  17  0:59  Drone  
  18  1:08  Extractor  
  17  1:14  Spawning Pool  
  17  1:15  Drone  
  17  1:18  Drone  
  18  1:28  Drone  
  19  1:38  Drone  
  20  1:50  Overlord  
  20  2:03  Queen x2  
  20  2:05  Drone, Zergling x2  
  26  2:08  Metabolic Boost  
  26  2:16  Drone x2  
  28  2:25  Drone  
  29  2:36  Hatchery  
  28  2:41  Drone  
  29  2:44  Zergling x6  
  29  2:48  Overlord  
  32  2:52  Evolution Chamber  
  32  2:56  Zergling x2  
  32  3:01  Zergling x2  
  33  3:07  Zergling x2  
  33  3:08  Zergling x2  
  35  3:13  Zergling x10  
  39  3:25  Zergling x6  
  42  3:33  Overlord  
  42  3:34  Overlord  
  42  3:43  Overlord  
  41  3:51  Drone x5  
  46  4:02  Drone x2  
  48  4:07  Drone x3  
  50  4:12  Drone  
  47  4:24  Drone  
  47  4:25  Drone  
  47  4:27  Queen x2  
  47  4:29  Drone x4  
  47  4:30  Drone x2  
  59  4:34  Spore Crawler  
  59  4:36  Zerg Melee Weapons Level 1  
  58  4:41  Spore Crawler  
  58  4:43  Spore Crawler  
  56  4:49  Queen  
  56  4:50  Drone x2  
  59  4:57  Drone x2  
  59  4:59  Drone  
  61  5:00  Drone  
  61  5:01  Drone  
  61  5:02  Drone  
  61  5:05  Drone  
  65  5:07  Overlord  
  65  5:16  Overlord  
  65  5:20  Overlord  
  64  5:25  Queen  
  64  5:27  Drone  
  66  5:28  Overlord  
  66  5:29  Overlord  
  66  5:32  Extractor x2  
  64  5:36  Drone  
  64  5:37  Drone  
  64  5:38  Drone x3  
  64  5:40  Drone  
  64  5:42  Hatchery  
  69  5:44  Lair  
  69  5:46  Zergling x2  
  69  5:47  Zergling x10  
  73  5:53  Queen  
  75  5:57  Drone x2  
  75  5:58  Drone x2  
  75  6:01  Queen  
  75  6:03  Spore Crawler  
  80  6:04  Spore Crawler  
  80  6:05  Spore Crawler  
  80  6:07  Drone x3  
  80  6:10  Spore Crawler  
  80  6:11  Drone x2  
  82  6:21  Baneling Nest  
  82  6:24  Drone x3  
  82  6:25  Drone  
  85  6:26  Drone x4  
  85  6:30  Drone x2  
  91  6:34  Extractor  
  90  6:42  Hatchery  
  90  6:44  Drone x3, Spire  
  90  6:45  Extractor, Drone x2  
  92  6:48  Extractor  
  92  6:49  Drone  
  92  6:52  Drone  
  93  7:01  Drone x2  
  94  7:02  Drone x2  
  94  7:05  Drone  
  97  7:09  Overlord  
  97  7:10  Infestation Pit  
  97  7:12  Extractor  
  97  7:13  Spore Crawler  
  94  7:18  Drone x2  
  94  7:19  Drone x3  
  94  7:20  Overlord  
  94  7:21  Spine Crawler  
  96  7:31  Hatchery  
  96  7:34  Zergling x2  
  96  7:35  Zergling x16  
  104  7:39  Drone x4  
  104  7:41  Spine Crawler  
  104  7:44  Drone x2  
  108  7:59  Corruptor x6  
  119  8:10  Baneling x6  
  119  8:11  Baneling x2  
  119  8:14  Zergling x12  
  119  8:15  Overlord x3  
  119  8:19  Baneling x6  
  125  8:23  Baneling  
Show
View Real Time Build Order
Export as new Build Order

Nice Protoss 

Build Orders: 1 Gate Expand, Oracle Opening 

Get SALT Encoding   

  12  0:01  Probe  
  13  0:13  Probe  
  14  0:21  Pylon  
  14  0:25  Probe  
  15  0:39  Probe (Chrono Boost), Gateway  
  16  0:45  Assimilator  
  17  0:50  Probe (Chrono Boost)  
  17  0:55  Probe (Chrono Boost)  
  18  1:05  Probe (Chrono Boost)  
  19  1:15  Probe (Chrono Boost)  
  20  1:20  Probe (Chrono Boost)  
  21  1:30  Nexus  
  21  1:39  Cybernetics Core  
  21  1:45  Assimilator  
  22  1:47  Probe  
  22  1:57  Pylon  
  22  1:59  Probe  
  23  2:14  Adept (Chrono Boost)  
  24  2:15  Probe  
  24  2:21  Stargate  
  26  2:27  Probe  
  27  2:31  Warp Gate  
  27  2:34  Adept  
  29  2:42  Probe (Chrono Boost)  
  29  2:43  Probe (Chrono Boost)  
  31  2:54  Probe (Chrono Boost)  
  31  2:56  Probe (Chrono Boost)  
  33  2:59  Probe (Chrono Boost)  
  33  3:02  Adept  
  33  3:04  Probe  
  37  3:06  Void Ray (Chrono Boost)  
  41  3:22  Probe x2  
  43  3:27  Pylon  
  43  3:33  Gateway  
  43  3:34  Probe  
  43  3:38  Probe  
  45  3:42  Oracle (Chrono Boost)  
  45  3:46  Probe  
  49  3:55  Shield Battery  
  49  3:57  Probe  
  49  3:58  Probe  
  49  4:02  Assimilator  
  51  4:03  Assimilator  
  51  4:09  Probe  
  52  4:11  Probe  
  52  4:12  Adept (Chrono Boost)  
  48  4:27  Probe x2  
  50  4:36  Oracle (Chrono Boost), Pylon  
  50  4:38  Pylon  
  53  4:39  Probe  
  54  4:54  Probe x2  
  54  4:57  Adept x2  
  59  5:07  Probe x2  
  60  5:11  Oracle (Chrono Boost)  
  63  5:19  Probe x2 (Chrono Boost)  
  63  5:28  Stargate  
  63  5:31  Probe (Chrono Boost)  
  65  5:37  Probe (Chrono Boost)  
  65  5:39  Probe (Chrono Boost)  
  65  5:41  Nexus  
  65  5:42  Pylon  
  66  5:43  Probe (Chrono Boost)  
  66  5:46  Oracle  
  70  5:55  Twilight Council  
  70  5:58  Robotics Facility  
  70  5:59  Forge  
  70  6:00  Probe x2  
  70  6:03  Pylon  
  72  6:11  Pylon  
  72  6:15  Pylon  
  72  6:20  Charge (Chrono Boost)  
  72  6:21  Probe x2  
  72  6:24  Protoss Ground Weapons Level 1 (Chrono Boost)  
  74  6:38  Gateway  
  74  6:40  Gateway  
  74  6:44  Gateway  
  74  6:46  Gateway  
  74  6:49  Gateway  
  74  6:50  Templar Archives  
  74  6:53  Gateway  
  71  7:01  Warp Prism  
  73  7:10  Zealot x2  
  77  7:19  Pylon  
  77  7:21  Pylon  
  73  7:42  Zealot x3  
  73  7:43  Zealot x3  
  85  7:59  High Templar  
  85  8:02  High Templar  
  85  8:03  High Templar x2  
  85  8:05  Zealot x3  
  99  8:06  Archon  
  99  8:07  Archon  
  99  8:11  Pylon x2  
  99  8:30  Zealot  
  99  8:31  Zealot x4  
  99  8:33  Zealot  
Tags
 
Add a new tag
Caveats
  • Supply blocks, unpowered buildings, or Contaminate may cause inaccurate times.
  • Supply counts are checked every 10 seconds.